 Dungeon Crawl Stone Soup version 0.31-a0-968-g24f9ace8b5 (webtiles) character file.

Game seed: 10005775663413111993

42 BinkBink the Covered (level 3, -7/23 HPs)
             Began as a Gargoyle Fighter on Oct 27, 2023.
             Mangled by an ogre
             ... wielding a +0 giant spiked club
              (25 damage)
             ... on level 3 of the Dungeon.
             The game lasted 00:01:45 (1520 turns).

BinkBink the Covered (Gargoyle Fighter)             Turns: 1520, Time: 00:01:45

Health: -7/23      AC: 11    Str: 19    XL:     3   Next: 56%
Magic:  3/3        EV:  9    Int:  8    God:
Gold:   75         SH:  4    Dex: 11    Spells: 2/2 levels left

rFire   . . .        s - +2 whip (pain)
rCold   . . .        c - +0 buckler
rNeg    + . .        b - +0 scale mail
rPois   ∞            (no helmet)
rElec   +            n - +0 cloak
rCorr   .            (no gloves)
SInv    .            (no boots)
Will    .....        (no amulet) Stlth
                     j - ring of flight
HPRegen 0.23/turn    (no ring)
MPRegen 0.08/turn

%: no passive effects
@: flying
A: sickness immunity, AC +3, negative energy resistance 1, electricity
resistance, torment resistance 1, petrification resistance
a: no special abilities


You were on level 3 of the Dungeon.
You visited 1 branch of the dungeon, and saw 3 of its levels.

You collected 75 gold pieces.

Inventory:

Hand Weapons
 a - a +0 war axe
 s - a +2 whip of pain (weapon)
Armour
 b - a +0 scale mail (worn)
 c - a +0 buckler (worn)
 n - a +0 cloak (worn)
Jewellery
 j - a ring of flight (left hand)
Scrolls
 e - 4 scrolls of teleportation {unknown}
 f - a scroll of fear {unknown}
 i - 2 scrolls of poison {unknown}
 l - 2 scrolls of vulnerability {unknown}
 m - 3 scrolls of blinking {unknown}
 q - a scroll of amnesia {unknown}
Potions
 d - a potion of might
 g - a potion of ambrosia {unknown}
 h - 2 potions of enlightenment {unknown}
 k - 2 potions of heal wounds {unknown}
 o - 2 potions of cancellation {unknown}
 p - 2 potions of mutation {unknown}
 r - a potion of resistance {unknown}


   Skills:
 + Level 3.6 Fighting
 - Level 2.4(2.5) Axes
 * Level 0.2(1.6) Maces & Flails
 + Level 3.6 Armour
 + Level 0.5 Dodging
 + Level 3.5 Shields


You had 2 spell levels left.
You didn't know any spells.
Your spell library was empty.

Dungeon Overview and Level Annotations

Branches:
Dungeon (3/15)

Altars:

Annotations:
D:3 3 runed translucent doors, Rosaphim's ghost, amateur DECj


Innate Abilities, Weirdness & Mutations

You are immune to sickness and miasma.
Your stone body is resilient. (AC +3)
You are immune to poison.
You resist negative energy. (rN+)
You are resistant to electric shocks. (rElec)
You are resistant to unholy torment.
You are immune to petrification.


Message History

The adder is moderately wounded.
The adder barely misses you.
You closely miss the adder.
The adder is moderately wounded.
You block the adder's attack.
You hit the adder.
The adder is severely wounded.
The adder closely misses you. You block the adder's attack.
You hit the adder.
The adder is almost dead.
You block the adder's attack.
You closely miss the adder.
The adder is almost dead.
The adder bites you but does no damage.
You closely miss the adder.
The adder is almost dead.
You block the adder's attack. x2
You closely miss the adder.
The adder is almost dead.
The adder bites you but does no damage.
You miss the adder.
The adder is almost dead.
The adder bites you but does no damage. The adder closely misses you.
You hit the adder.
You kill the adder!
No target in view!
An ogre comes into view. It is wielding a +0 giant spiked club.
The ogre shouts!
An ogre is nearby!
An ogre is nearby!
You hit the ogre.
The ogre is lightly wounded.
The ogre hits you with a +0 giant spiked club.
You barely miss the ogre.
The ogre is lightly wounded.
You hit the ogre.
The ogre is moderately wounded.
The ogre hits you with a +0 giant spiked club!!
Ouch! That really hurt!
You die...

######..#.#######.###..†....#
###
........#................####
........#.#######.########
###..###.# #.# ##.####.#####
#.# ............# #.#
.######<###.# #.# #.###.###.#
#......O@.# #.........#
#.###.##.## ### # #.# #.# #.#
..# ###


You could see an ogre.

Vanquished Creatures
  2 adders
  A worm (D:2)
  3 endoplasms
  A giant cockroach (D:2)
  2 hobgoblins (D:2)
  6 kobolds
  A ball python (D:1)
  3 bats (D:2)
  A frilled lizard (D:2)
  4 rats
24 creatures vanquished.

Notes
Turn   | Place    | Note
-------+----------+-------------------------------------------
     0 | D:1      | BinkBink the Gargoyle Fighter began the quest for the Orb.
     0 | D:1      | Reached XP level 1. HP: 14/14 MP: 1/1
   761 | D:2      | Reached XP level 2. HP: 16/19 MP: 2/2
   992 | D:2      | Reached XP level 3. HP: 18/23 MP: 3/3
  1318 | D:3      | Found a runed translucent gate.
  1318 | D:3      | Found a runed translucent gate.
  1319 | D:3      | Found a runed translucent gate.
  1320 | D:3      | Noticed Rosaphim's ghost (amateur DECj)
  1516 | D:3      | Noticed an ogre
  1520 | D:3      | Mangled by an ogre

Illustrated notes

Levels and vault maps discovered:
D:1:      dpeg_arrival_solitude, layout_basic, minmay_hedge_maze
D:2:      layout_rooms
D:3:      minmay_chambers_of_threes, layout_loops_corners,
          gammafunk_ghost_split, nicolae_twisty_statue_hallways

Skill      XL: |  1 |
---------------+----+-----
Axes           | 2 |  2.4
Fighting       | |  3.6
Maces & Flails | |  0.2
Armour         | |  3.6
Dodging        | |  0.5
Shields        | |  3.5

Action                     || total
---------------------------++-------
  Melee: War axe           ||    70
         Whip              ||    15
 Armour: Scale mail        ||    53
  Dodge: Dodged            ||    40
  Block: Buckler           ||    20

Table legend: (Time is in decaauts)
 A = Elapsed time spent in this place.
 B = Non-inter-level travel time spent in this place.
 C = Inter-level travel time spent in this place.
 D = Time resting spent in this place.
 E = Time spent auto-exploring this place.
 F = Levels seen in this place.
 G = Mean time per level.
                   A        B        C        D        E       F      G
               +--------+--------+--------+--------+--------+-----+--------+
         Total |   1549 |   1501 |     48 |      0 |   1261 |   3 |  516.3 |
       Dungeon |   1549 |   1501 |     48 |      0 |   1261 |   3 |  516.3 |
               +--------+--------+--------+--------+--------+-----+--------+

Top non-repeatable levels by time:
     D:1: 754 daAuts
     D:2: 586 daAuts
     D:3: 208 daAuts
